 Dungeon Crawl Stone Soup version 0.24.0-10-g970556be89 (webtiles) character file.

Game seed: 411514606115408272, levelgen mode: deterministic

14 PainCeiling the Charmwright (level 2, -1/22 HPs)
             Began as a Vampire Skald on Nov 3, 2019.
             Slain by an adder (3 damage)
             ... on level 2 of the Dungeon on Nov 4, 2019.
             The game lasted 00:06:15 (750 turns).

PainCeiling the Charmwright (Vampire Skald)          Turns: 750, Time: 00:06:17

Health: -1/22      AC:  4    Str: 10    XL:     2   Next: 31%
Magic:  5/5        EV: 12    Int: 15    God:
Gold:   79         SH:  0    Dex: 13    Spells: 4/5 levels left

rFire    . . .     SeeInvis +   a - +0 falchion
rCold    . . .     Gourm    .   (no shield)
rNeg     . . .     Faith    .   b - +0 leather armour
rPois    .         Spirit   .   i - +0 helmet
rElec    .         Reflect  .   (no cloak)
rCorr    .         Harm     .   (no gloves)
MR       .....                  (no boots)
Stlth    +.........             (no amulet)
HPRegen  0.27/turn              (no ring)
MPRegen  0.09/turn              (no ring)

@: lethally poisoned (-1 -> -4), regenerating quickly
A: no food, fangs 3, see invisible, unbreathing
a: Exsanguinate


You were on level 2 of the Dungeon.
You were alive.

You visited 1 branch of the dungeon, and saw 2 of its levels.

You collected 79 gold pieces.

Inventory:

Hand Weapons
 a - a +0 falchion (weapon)
 c - a +0 dagger
 k - a +1 mace of draining
Missiles
 f - 28 stones (quivered)
Armour
 b - a +0 leather armour (worn)
 i - a +0 helmet (worn)
Jewellery
 j - an uncursed amulet of faith {unknown}
Scrolls
 d - a scroll of teleportation {unknown}
 e - a scroll of identify {unknown}
 g - 2 scrolls of remove curse {unknown}
 h - a scroll of enchant armour {unknown}


   Skills:
 + Level 2.0 Fighting
 + Level 2.2 Long Blades
 - Level 1.0 Armour
 + Level 2.3 Dodging
 + Level 0.3 Stealth
 - Level 2.1 Spellcasting
 - Level 3.3 Charms


You had 4 spell levels left.
You knew the following spells:

 Your Spells              Type           Power        Failure   Level  Hunger
a - Infusion              Chrm           ##..         8%          1    N/A

Your spell library contained the following spells:

 Spells                   Type           Power        Failure   Level  Hunger
 Song of Slaying          Chrm           ##......     11%         2    N/A
 Shroud of Golubria       Chrm/Tloc      #.....       22%         2    N/A
 Regeneration             Chrm/Necr      #.........   41%         3    N/A
 Spectral Weapon          Hex/Chrm       #.......     41%         3    N/A

Dungeon Overview and Level Annotations

Branches:
Dungeon (2/15)

Altars:


Innate Abilities, Weirdness & Mutations

You do not eat.
Your natural rate of healing is unusually fast.
You have razor-sharp teeth.
You have supernaturally acute eyesight. (SInv)
You can survive without breathing.


Message History

You are more poisoned.
The adder poisons you!
You closely miss the adder.
The adder is heavily wounded.
You feel sick. The adder bites you.
* * * LOW HITPOINT WARNING * * *
* * * LOW HITPOINT WARNING * * *
You feel sick. The adder closely misses you.
You miss the adder.
The adder is heavily wounded.
* * * LOW HITPOINT WARNING * * *
You feel sick. The adder bites you.
* * * LOW HITPOINT WARNING * * *
Keep bloodletting?
* * * LOW HITPOINT WARNING * * *
You feel sick. The adder completely misses you. The adder bites you.
* * * LOW HITPOINT WARNING * * *
You begin bloodletting.
You continue bloodletting.
The adder bites you.
You die...

... #.# ... #.#
... #.# #)#
######.##########
........S@.......#
######...#######.#
#..... #.# ##...##
#.# #.### ##.##
#.# ....# #.#
###.####### #.#.#
#.# #......)..#
#.#.# ##+##
#.#.#####.# #.#.#
##...## #.#.# #.#


You could see an adder.

Vanquished Creatures
  2 giant cockroaches (D:1)
  3 goblins
  A hobgoblin (D:2)
  3 kobolds
  A quokka (D:2)
  A bat (D:1)
  A frilled lizard (D:1)
12 creatures vanquished.

Notes
Turn   | Place    | Note
-------+----------+-------------------------------------------
     0 | D:1      | PainCeiling the Vampire Skald began the quest for the Orb.
     0 | D:1      | Reached XP level 1. HP: 16/16 MP: 3/3
    54 | D:1      | You fall into a shaft and drop 1 floor!
   289 | D:1      | Reached XP level 2. HP: 22/22 MP: 5/5
   594 | D:2      | Reached skill level 1 in Armour
   749 | D:2      | HP: 1/22 [adder (1)]
   750 | D:2      | Slain by an adder

Levels and vault maps discovered:
D:1:      saegor_arrival_simple_d, layout_basic
D:2:      layout_loops_corners

Skill      XL: |  1  2 |
---------------+-------+-----
Fighting       | 2 |  2.0
Armour         | 1 |  1.0
Long Blades    | |  2.2
Dodging        | |  2.3
Stealth        | |  0.3
Spellcasting   | |  2.1
Charms         | |  3.3

Action                   || total
-------------------------++-------
Melee: Falchion          ||    36
       Bite              ||     2
Throw: Stone             ||     1
 Abil: Exsanguinate      ||     1
Armor: Leather armour    ||     9
Dodge: Dodged            ||    21
       Rpst.: Falchion   ||     5
